 Dungeon Crawl Stone Soup version 0.29.1-13-g9f3cf754e1 (webtiles) character file.

Game seed: 1529327014823714801

3262 BeingJoeMalik the Destroyer (level 10, -3/50 HPs)
             Began as a Tengu Conjurer on Feb 6, 2023.
             Was a Believer of Vehumet.
             Slain by an orc warlord (22 damage)
             ... in a bailey.
             The game lasted 00:26:31 (10263 turns).

BeingJoeMalik the Destroyer (Tengu Conjurer)       Turns: 10263, Time: 00:26:32

Health: -3/50      AC:  5    Str:  9    XL:     10   Next: 0%
Magic:  0/23       EV: 19    Int: 21    God:    Vehumet [**....]
Gold:   346        SH:  0    Dex: 19    Spells: 15/25 levels left

rFire   . . .      SeeInvis .   C - +5 rapier (flame)
rCold   . . .      Faith    .   (no shield)
rNeg    . . .      Spirit   .   a - +1 robe
rPois   .          Reflect  .   (helmet restricted)
rElec   .          Harm     .   D - +1 cloak
rCorr   .          Rampage  .   (no gloves)
Will    .....                   (boots unavailable)
Stlth   ++........              (no amulet)
HPRegen 0.16/turn               n - +6 ring of dexterity
MPRegen 0.18/turn               w - +4 ring of evasion

@: flying quickly and evasively, quick
A: beak, talons 3, nimble flight
a: Renounce Religion


You were in a bailey.
You worshipped Vehumet.
Vehumet was pleased with you.
You visited 2 branches of the dungeon, and saw 9 of its levels.
You also visited: Bailey.

You collected 356 gold pieces.
You spent 10 gold pieces at shops.

Inventory:

Hand Weapons
 z - a +0 vampiric dagger
 C - a +5 rapier of flaming (weapon)
Missiles
 t - 6 poisoned darts
 E - 3 curare-tipped darts
 F - 2 throwing nets
Armour
 a - a +1 robe (worn)
 D - a +1 cloak (worn)
Jewellery
 n - a +6 ring of dexterity (left hand)
 w - a +4 ring of evasion (right hand)
 G - a ring of fire
Wands
 j - a wand of light (6)
 v - a wand of iceblast (11)
 A - a wand of polymorph (8)
Scrolls
 c - a scroll of teleportation
 e - 2 scrolls of enchant armour
 f - 2 scrolls of magic mapping
 g - 2 scrolls of blinking {unknown}
 k - a scroll of fear
 s - a scroll of fog
Potions
 b - 3 potions of magic
 d - 5 potions of heal wounds
 h - 3 potions of curing
 i - a potion of mutation
 l - 6 potions of flight
 m - a potion of haste
 o - a potion of berserk rage
 p - a potion of resistance
 q - a potion of brilliance {unknown}
 r - 4 potions of lignification
 x - 3 potions of cancellation
 B - 3 potions of might


   Skills:
 - Level 2.1 Dodging
 - Level 2.0 Stealth
 + Level 8.2 Spellcasting
 + Level 13.6 Conjurations
 * Level 2.8 Hexes


You had 15 spell levels left.
You knew the following spells:

 Your Spells              Type           Power      Damage    Failure   Level
a - Magic Dart            Conj           100%       1d8       1%          1
b - Searing Ray           Conj           100%       2d8       1%          2
c - Dazzling Flash        Conj/Hex       86%        N/A       1%          3
d - Tukima's Dance        Hex            20%        N/A       7%          3
e - Shock                 Conj/Air       100%       1d9       1%          1

Your spell library contained the following spells:

 Spells                   Type           Power      Damage    Failure   Level
 Freeze                   Ice            32%        1d5       8%          1
 Fulminant Prism          Conj/Hex       21%        3d13      2%          4
 Iskenderun's Mystic Bla  Conj/Tloc      37%        2d9       4%          4
 Sting                    Tmut/Pois      32%        1d4       8%          1
 Blink                    Tloc           16%        N/A       12%         2
 Portal Projectile        Hex/Tloc       28%        N/A       13%         3
 Lesser Beckoning         Tloc           8%         N/A       24%         3
 Blade Hands              Tmut           4%         N/A       91%         5
 Manifold Assault         Tloc           8%         N/A       91%         5


Dungeon Overview and Level Annotations

Branches:
Dungeon (8/15)             Temple (1/1) D:5          Bailey (1/1)
   Lair: D:8-11

Altars:
Cheibriados
Dithmenos
Elyvilon
Fedhas
Hepliaklqana
Makhleb
Nemelex Xobeh
Okawaru
Qazlal
Ru
Sif Muna
Trog
Uskayaw
Vehumet
Wu Jian
Xom
Yredelemnul
Zin

Shops:
D:2 [   D:5 !   D:7 =([

Annotations:
D:6 2 runed translucent doors, bjubeck's ghost, novice MiFi


Innate Abilities, Weirdness & Mutations

You have a beak for a mouth.
You have claws for feet.
Your magical nature lets you fly swiftly and evasively.


Message History

Aiming: Tukima's Dance (dangerous; 7% risk of failure)
Press: ? - help, Shift-Dir - straight line, f/p - orc warlord
Aim: an orc warlord, wielding a +6 battleaxe and wearing a +0 chain mail (chance to affect: 20%)
The orc warlord resists with almost no effort.
Unknown command.
Casting: Tukima's Dance (dangerous; 7% risk of failure)
Confirm with . or Enter, or press ? or * to list all spells.
Aiming: Tukima's Dance (dangerous; 7% risk of failure)
Press: ? - help, Shift-Dir - straight line, f/p - orc warlord
Aim: an orc warlord, wielding a +6 battleaxe and wearing a +0 chain mail (chance to affect: 20%)
The orc warlord resists with almost no effort.
The orc warlord hits you with a +6 battleaxe!
Unknown command.
Casting: Tukima's Dance (dangerous; 7% risk of failure)
Confirm with . or Enter, or press ? or * to list all spells.
Aiming: Tukima's Dance (dangerous; 7% risk of failure)
Press: ? - help, Shift-Dir - straight line, f/p - orc warlord
Aim: an orc warlord, wielding a +6 battleaxe and wearing a +0 chain mail (chance to affect: 20%)
The orc warlord resists with almost no effort.
The orc warlord hits you with a +6 battleaxe!!
Ouch! That really hurt!
There is an open translucent gate here.
Casting: Tukima's Dance (dangerous; 7% risk of failure)
Confirm with . or Enter, or press ? or * to list all spells.
Aiming: Tukima's Dance (dangerous; 7% risk of failure)
Press: ? - help, Shift-Dir - straight line, f/p - orc warlord
Aim: an orc warlord, wielding a +6 battleaxe and wearing a +0 chain mail (chance to affect: 20%)
The +6 battleaxe dances into the air!
Casting: Tukima's Dance (dangerous; 7% risk of failure)
Confirm with . or Enter, or press ? or * to list all spells.
You don't have enough magic to cast this spell.
Casting: Tukima's Dance (dangerous; 7% risk of failure)
Confirm with . or Enter, or press ? or * to list all spells.
Aiming: Magic Dart (safe; 1% risk of failure)
Press: ? - help, Shift-Dir - straight line, f/p - orc warlord
Aim: an orc warlord, wearing a +0 chain mail (100% to hit)
The magic dart hits the orc warlord but does no damage.
Unknown command.
The orc warlord hits you!!
You die...

#...8......#########...
##....).####~~~#~~~##..
##)....#~~#~.....}~#..
##....#~........?~#..
#..)##~8.8...8.8##..
#..)'~~.........#...
#..)'~~....∩....#...
#...o~~.........#...
#..@##~8.8...8.8##..
##....#(........?~#..
##.....#~~#~.....}~#..
##......####~~~#~~~##..
#...8......#########)..
#..........'...(['[)).8
#..........#~~~~)#(....
##..8..8...#~~~~~#.....
##.......##~~~~~##(..8


You could see an orc warlord (ally target) and a friendly +6 battleaxe.

Vanquished Creatures
  Sigmund (D:3)
  Eustachio (D:6)
  Menkaure (D:5)
  2 water moccasins
  6 orc warriors
  2 ice beasts
  3 ogres
  6 centaurs
  A kobold brigand (D:7)
  3 bullfrogs
  A scorpion (D:6)
  2 orc priests (D:5)
  6 hounds
  A jelly (D:5)
  2 gnoll boudas (D:7)
  6 orc wizards
  3 iguanas
  Robin (D:3)
  6 adders
  8 gnolls
  A shadow imp (D:6)
  2 white imps (D:6)
  An ufetubus (D:3)
  A dart slug (D:4)
  22 orcs
  5 bats
  3 endoplasms
  A giant cockroach (D:4)
  18 goblins
  12 hobgoblins
  6 quokkas
  7 ball pythons
  5 frilled lizards
  17 kobolds
  A spectral orc (D:4)
164 creatures vanquished.

Vanquished Creatures (others)
  A plant (D:7)
1 creature vanquished.

Grand Total: 165 creatures vanquished

Notes
Turn   | Place    | Note
-------+----------+-------------------------------------------
     0 | D:1      | BeingJoeMalik the Tengu Conjurer began the quest for the
                  | Orb.
     0 | D:1      | Reached XP level 1. HP: 10/10 MP: 4/4
   159 | D:1      | Found a faded altar of an unknown god.
   355 | D:1      | Reached XP level 2. HP: 15/15 MP: 3/6
   636 | D:1      | Reached skill level 6 in Conjurations
   837 | D:2      | Found Vaw Wef's Armour Emporium.
   847 | D:2      | Learned a level 2 spell: Searing Ray
   929 | D:2      | Reached XP level 3. HP: 19/19 MP: 5/7
  1855 | D:3      | Noticed Sigmund
  1935 | D:4      | Reached skill level 7 in Conjurations
  1935 | D:4      | Reached XP level 4. HP: 7/24 MP: 0/8
  2153 | D:4      | Noticed an ogre
  2164 | D:4      | Killed an ogre
  2165 | D:4      | Reached skill level 8 in Conjurations
  2165 | D:4      | Gained mutation: Your magical nature lets you fly swiftly
                  | and evasively. [Tengu growth]
  2165 | D:4      | Reached XP level 5. HP: 28/28 MP: 3/10
  2327 | D:4      | You are sucked into a shaft and drop 3 floors!
  2340 | D:7      | Found Rawie's Jewellery Boutique.
  2361 | D:6      | Reached XP level 6. HP: 29/32 MP: 3/11
  2486 | D:6      | Found a large runed translucent door.
  2486 | D:6      | Found a large runed translucent door.
  2490 | D:6      | Noticed bjubeck's ghost (novice MiFi)
  2530 | D:6      | Reached skill level 9 in Conjurations
  2752 | D:5      | Entered Level 5 of the Dungeon
  3028 | D:5      | Found a shadowy altar of Dithmenos.
  3146 | D:5      | Reached XP level 7. HP: 36/36 MP: 7/13
  3424 | D:5      | Reached skill level 10 in Conjurations
  3483 | D:5      | Learned a level 3 spell: Dazzling Flash
  3584 | D:5      | Found Qatiob's Distillery.
  3597 | D:5      | Bought a potion of degeneration for 10 gold pieces
  3712 | D:3      | Noticed Robin
  4207 | D:4      | Found a basalt altar of Yredelemnul.
  4542 | D:5      | Reached XP level 8. HP: 41/41 MP: 13/16
  4614 | D:5      | Noticed Menkaure
  4649 | D:5      | Killed Menkaure
  4650 | D:5      | Reached skill level 5 in Spellcasting
  4650 | D:5      | Reached skill level 11 in Conjurations
  5056 | D:5      | Found a staircase to the Ecumenical Temple.
  5089 | Temple   | Entered the Ecumenical Temple
  5358 | Temple   | Became a worshipper of Vehumet
  5700 | D:3      | Found a hazy altar of Hepliaklqana.
  5704 | D:3      | Killed Sigmund
  6045 | D:3      | Killed Robin
  6306 | D:3      | Learned a level 3 spell: Tukima's Dance
  6712 | D:6      | Reached * piety under Vehumet
  6712 | D:6      | Offered knowledge of Shock by Vehumet.
  6718 | D:6      | Learned a level 1 spell: Shock
  6869 | D:6      | Noticed Eustachio
  6879 | D:6      | Killed Eustachio
  6880 | D:6      | Reached skill level 12 in Conjurations
  7078 | D:6      | Found a shimmering blue altar of Sif Muna.
  7094 | D:6      | Reached skill level 1 in Hexes
  7097 | D:6      | Got Sif Muna's Omnibus of Vitiation
  7353 | D:7      | Reached XP level 9. HP: 33/45 MP: 13/19
  7521 | D:7      | Identified the +8 mace of Luxury {vorpal, *Rage Str+4 Int+4
                  | Stlth+}
  8483 | D:7      | Reached skill level 13 in Conjurations
  8805 | D:7      | Found Wiudokh's Armour Shoppe.
  8898 | D:7      | Found Untyacu's Antique Weapon Shop.
  9463 | D:8      | Found a flagged portal.
  9507 | Bailey   | Entered a bailey
  9546 | Bailey   | Reached ** piety under Vehumet
  9546 | Bailey   | Offered knowledge of Freeze by Vehumet.
  9656 | Bailey   | Noticed an orc warlord
  9983 | Bailey   | Found a runed translucent gate.
  9984 | Bailey   | Found a runed translucent gate.
  9985 | Bailey   | Found a runed translucent gate.
 10007 | Bailey   | Reached XP level 10. HP: 25/50 MP: 13/23
 10263 | Bailey   | Slain by an orc warlord

Illustrated notes

Levels and vault maps discovered:
D:1:      dpeg_arrival_tiny_a, layout_loops_ring, ebering_ecumenical_altar_mist
D:2:      layout_basic, serial_shops, shop
D:3:      minmay_spotlight, layout_loops_ring,
          mainiacjoe_overflow_small_starburst, uniq_sigmund, uniq_robin
D:4:      layout_rooms, yredelemnul_forgotten_temple_becter
D:5:      cheibrodos_quashed, layout_basic, nicolae_dithmenos_the_darkroom,
          minmay_temple_entry_proselytizer, serial_shops, nicolae_shop_stone,
          uniq_menkaure
D:6:      layout_basic, led_sif_book, ebering_ghost_disaster_area,
          uniq_eustachio
D:7:      kennysheep_seaside_town, layout_basic, serial_shops,
          nicolae_shop_behind_doors, nicolae_shop_advertising_works
          [nicolae_subvault_shop_adworks], shop_statue
D:8:      layout_cave_pools, general_overflow_altar, hellmonk_ghost_big_iron,
          serial_column_ruins, column_ruins_corridor_corner,
          column_ruins_columns_T, column_ruins_grid_1, column_ruins_grid_1,
          column_ruins_open_large, column_ruins_columns_water,
          column_ruins_columns_dead_end, enter_bailey_4
Temple:   minmay_temple_curvy_branch
Bailey:   bailey_axe_bossmonster_kennysheep, bailey

Skill      XL: |  1  2  3  4  5  6  7  8  9 |
---------------+----------------------------+-----
Conjurations   | 6 7 8 9 10 12 13 | 13.6
Spellcasting   | 3 4 6 8 |  8.2
Hexes          | 1 2 |  2.8
Dodging        | |  2.1
Stealth        | |  2.0

Action                   |  1- 3 |  4- 6 |  7- 9 | 10-12 || total
-------------------------+-------+-------+-------+-------++-------
Melee: Unarmed           |       |     1 |       |       ||     1
       Peck              |       |     1 |       |       ||     1
 Cast: Magic Dart        |    45 |    25 |   126 |     5 ||   201
       Searing Ray       |     4 |     9 |    65 |     1 ||    79
       Dazzling Flash    |       |       |     4 |       ||     4
       Tukima's Dance    |       |       |       |     8 ||     8
Evoke: Wand              |       |       |     2 |       ||     2
  Use: Scroll            |       |       |    20 |       ||    20
       Potion            |       |       |     1 |       ||     1
Armor: Robe              |     2 |       |     4 |       ||     6
Dodge: Dodged            |     6 |    10 |    82 |       ||    98
